 Dungeon Crawl Stone Soup version 0.28-a0-653-g7e9dba17c3 (webtiles) character file.

Game seed: 627484200315134536

4 flotson the Sneak (level 1, -4/18 HPs)
             Began as a Demonspawn Delver on Oct 11, 2021.
             Shot with an arrow by a centaur (12 damage)
             ... on level 5 of the Dungeon.
             The game lasted 00:00:29 (152 turns).

flotson the Sneak (Demonspawn Delver)                Turns: 152, Time: 00:00:29

Health: -4/18      AC:  3    Str: 12    XL:     1   Next: 50%
Magic:  1/1        EV: 11    Int: 11    God:
Gold:   0          SH:  0    Dex: 14    Spells: 0/0 levels left

rFire   . . .      SeeInvis .   a - +0 hand axe
rCold   . . .      Faith    .   (no shield)
rNeg    . . .      Spirit   .   b - +0 leather armour
rPois   .          Reflect  .   (no helmet)
rElec   .          Harm     .   (no cloak)
rCorr   .          Rampage  .   (no gloves)
Will    .....                   (no boots)
Stlth   ++........              (no amulet)
HPRegen 0.06/turn               (no ring)
MPRegen 0.07/turn               (no ring)

@: hasted, very quick
A: no striking features
a: no special abilities


You were on level 5 of the Dungeon.
You visited 1 branch of the dungeon, and saw 1 of its levels.

Inventory:

Hand Weapons
 a - a +0 hand axe (weapon)
Armour
 b - a +0 leather armour (worn)
Wands
 g - a wand of digging (3)
Scrolls
 c - a scroll of fog
 e - a scroll of fear


   Skills:
 + Level 3.0 Fighting
 + Level 1.8 Axes
 + Level 0.2 Armour
 + Level 1.8 Dodging
 - Level 4.5 Stealth


You couldn't memorise any spells.
You didn't know any spells.
Your spell library was empty.

Dungeon Overview and Level Annotations

Branches:
Dungeon (5/15)
 Temple: D:4-7

Altars:


Message History

You barely miss the worm.
The worm is severely wounded.
The worm barely misses you.
You hit the worm.
The worm is almost dead.
You barely miss the worm.
The worm is almost dead.
The worm bites you.
You hit the worm.
You kill the worm!
You see here a worm corpse.
HP restored.
An orc priest comes into view. It is wielding a +0 dagger.
You open the door.
The orc priest shouts!
You hear a shout!
An orc comes into view. It is wielding a +0 whip.
A scorpion zombie comes into view.
There is an open door here.
Okay, then.
As you read the scroll of magic mapping, it crumbles to dust.
You feel aware of your surroundings.
You feel yourself speed up.
The orc priest calls down the wrath of Beogh upon you.
You barely resist.
You see here a worm corpse.
There is a stone staircase leading down here.
A centaur comes into view.
Found a helmet and 11 gold pieces.
The centaur shouts!
You hear a shout!
An ogre comes into view. It is wielding a +0 giant club.
The centaur wields a +1 vorpal shortbow.
The centaur shoots an arrow.
The arrow closely misses you.
The centaur shoots an arrow.
The arrow hits you!
Ouch! That really hurt!
The centaur shoots an arrow.
The arrow barely misses you.
Found a smoky pink potion.
The centaur shoots an arrow.
The arrow closely misses you.
The centaur shoots an arrow.
The arrow hits you!
Ouch! That really hurt!
You die...

,***,**,,,*,,*8*,*8*,,*,,,* *
,,,,,,,,,,*,,***,***,,*,,,* *
,***,***,,*,,,,,,,,,,,*,!.*******
,* *,* *,,*,,,,,,,,,,,*....,,,,**
,* *,***,.#############.....,,,**
,* *,,,,,...................,,,*
,* **,,,,...................,,,*
,* *>,,,*#.................,,,*
,****,,,,****#..@..............#
,,,,,,,,<* *<#........O......Y.#
,*,,,,,,,* *,#.........##......#
,*,,,***** *,#.........##......#
,*,,,* *,#..[c......#.....(#
,*,,,*******,#..........#......#
<',,,',,,,,,,#.................#*
**,,,***,,,,,#.........#..##...,,
*,,,,,,,,,,,#.........#..#*,,,,,


You could see an ogre and a centaur.

Vanquished Creatures
  A worm (D:5)
1 creature vanquished.

Notes
Turn   | Place    | Note
-------+----------+-------------------------------------------
     0 | D:5      | flotson the Demonspawn Delver began the quest for the Orb.
     0 | D:5      | Reached XP level 1. HP: 18/18 MP: 1/1
     2 | D:5      | Noticed an ice beast
   108 | D:5      | Noticed an orc priest
   145 | D:5      | Noticed a centaur
   146 | D:5      | Noticed an ogre
   152 | D:5      | Shot with an arrow by a centaur

Illustrated notes

Levels and vault maps discovered:
D:5:      layout_basic, gammafunk_ghost_mausoleum

Action                   || total
-------------------------++-------
Melee: Hand axe          ||    11
  Use: Scroll            ||     1
       Potion            ||     1
Dodge: Dodged            ||     8

Table legend: (Time is in decaauts)
 A = Elapsed time spent in this place.
 B = Non-inter-level travel time spent in this place.
 C = Inter-level travel time spent in this place.
 D = Time resting spent in this place.
 E = Time spent auto-exploring this place.
 F = Levels seen in this place.
 G = Mean time per level.
                   A        B        C        D        E       F      G
               +--------+--------+--------+--------+--------+-----+--------+
         Total |    143 |    143 |      0 |      0 |     84 |   1 |  143.0 |
       Dungeon |    143 |    143 |      0 |      0 |     84 |   1 |  143.0 |
               +--------+--------+--------+--------+--------+-----+--------+

Top non-repeatable levels by time:
     D:5: 143 daAuts
